 Dungeon Crawl Stone Soup version 0.30-a0-779-g7971cf19c3 (webtiles) character file.

Game seed: 15990576298593388568

329 Orangeyouglad the Stinger (level 6, -3/41 HPs)
             Began as a Demonspawn Venom Mage on Feb 17, 2023.
             Was a Believer of Ru.
             Slain by a gnoll
             ... wielding a +0 club
             ... led by a gnoll bouda
              (7 damage)
             ... on level 5 of the Dungeon on Feb 18, 2023.
             The game lasted 00:10:33 (4345 turns).

Orangeyouglad the Stinger (Demonspawn Venom Mage)   Turns: 4345, Time: 00:10:34

Health: -3/41      AC:  2    Str:  7 (8)  XL:     6   Next: 25%
Magic:  20/20      EV: 15    Int: 16 (18) God:    Ru [**....]
Gold:   227        SH:  0    Dex: 12 (14) Spells: 7/11 levels left

rFire   . . .      SeeInvis .    h - +0 dagger
rCold   . . .      Faith    .    (no shield)
rNeg    . . .      Spirit   .    a - +0 robe
rPois   +          Reflect  .    (helmet restricted)
rElec   +          Harm     .    (no cloak)
rCorr   +          Rampage  .    (no gloves)
Will    .....      Rage     3%   (no boots)
Stlth   ++                       (no amulet)
HPRegen 0.26/turn                g - ring of magical power
MPRegen 0.34/turn                p - ring of flight

@: brilliant, resistant, attractive, flying
A: antennae 1, repulsion field 2, magic regeneration, temperature sensitive,
berserk 1, no potion heal 1, devolution 1
a: Renounce Religion


You were on level 5 of the Dungeon.
You worshipped Ru.
Ru was pleased with you.
You visited 1 branch of the dungeon, and saw 5 of its levels.

You collected 227 gold pieces.

Inventory:

Hand Weapons
 h - a +0 dagger (weapon)
Missiles
 o - 9 poisoned darts
Armour
 a - a +0 robe (worn)
Jewellery
 g - a ring of magical power (left hand)
 p - a ring of flight (right hand)
Wands
 n - a wand of roots (9)
Scrolls
 d - 8 scrolls of identify {unknown}
 k - 2 scrolls of immolation {unknown}
 q - a scroll of blinking {unknown}
Potions
 b - a potion of magic
 c - a potion of brilliance
 e - a potion of resistance
 j - a potion of degeneration
 l - a potion of curing {unknown}
 m - a potion of heal wounds {unknown}


   Skills:
 + Level 3.2 Dodging
 - Level 2.0 Stealth
 + Level 3.3 Spellcasting
 + Level 1.2 Conjurations
 - Level 2.4 Transmutations
 + Level 0.6 Air Magic
 + Level 4.3 Poison Magic


You had 7 spell levels left.
You knew the following spells:

 Your Spells              Type           Power      Damage    Failure   Level
a - Sting                 Tmut/Pois      80%        1d7       4%          1
b - Mephitic Cloud        Conj/Pois/Air  13%        N/A       24%         3

Your spell library contained the following spells:

 Spells                   Type           Power      Damage    Failure   Level
 Poisonous Vapours        Pois/Air       30%        N/A       10%         2
 Lesser Beckoning         Tloc           8%         N/A       26%         2
 Olgreb's Toxic Radiance  Pois           24%        N/A       30%         4
 Gell's Gravitas          Tloc           4%         N/A       47%         3
 Teleport Other           Tloc           4%         N/A       47%         3


Dungeon Overview and Level Annotations

Branches:
Dungeon (5/15)             Temple (0/1) D:5

Altars:
Cheibriados
Gozag
Hepliaklqana
Kikubaaqudgha
Qazlal
Ru
Trog


Innate Abilities, Weirdness & Mutations

You have a pair of small antennae on your head.
You are surrounded by a moderate repulsion field. (EV +3)
You regenerate magic rapidly.
You are sensitive to extremes of temperature. (rF-, rC-)
You sometimes lose your temper in combat.
Potions are less effective at restoring your health.
You have hidden genetic defects.


Message History

Okay, then.
Your magical contamination has completely faded away.
The gnoll attacks as you move away! The gnoll misses you.
The gnoll attacks as you move away! The gnoll hits you with a +0 club.
* * * LOW HITPOINT WARNING * * *
The gnoll misses you.
Aiming: Sting (safe; 4% risk of failure)
Press: ? - help, Q - select action, (/) - cycle Shift-Dir - straight line, f - gnoll
Aim: a gnoll, wielding a +0 club (covering ground quickly, 77% to hit)
Okay, then.
Okay, then.
Okay, then.
It was a potion of brilliance.
You feel clever all of a sudden. The gnoll closely misses you.
Casting: Sting (safe; 4% risk of failure)
Confirm with . or Enter, or press ? or * to list all spells.
The spell is quite dangerous to miscast (21% risk of failure)!
Continue anyway?
Aiming: Mephitic Cloud (quite dangerous; 21% risk of failure)
Press: ? - help, Shift-Dir - straight line, f - gnoll
Aim: a gnoll, wielding a +0 flail (covering ground quickly, chance to affect: 91%)
Okay, then.
Okay, then.
It was a potion of resistance.
You feel protected.
The gnoll is no longer moving quickly. x2; The gnoll barely misses you.
It was a potion of degeneration.
There was something very wrong with that liquid.
You feel weakened.
You feel dopey.
You feel clumsy. The gnoll barely misses you.
It was a potion of attraction.
You feel attractive to monsters. The gnoll hits you with a +0 club.
* * * LOW HITPOINT WARNING * * *
It was a potion of mutation.
You feel extremely strange.
You feel a little pissed off.
You feel a hidden malignance growing inside you.
Your system partially rejects the healing effects of potions.
The gnoll hits you with a +0 club!
You die...

###.# ##.....##
#.......≈≈≈≈≈... ≈≈#.#
##...## #...............
§§'.#######'##
######.#######..
§≈'.#.......# #.# ##.
§§#.#.####..# ########.#
## ###...# #..##
#........# #
....#.####...###.########
..g..)..#.....##.#
##.##.#.##...###@#
g..##....#..## #g#
#####......#####g#
###....g....g#
############


You could see 3 gnolls.

Vanquished Creatures
  2 hounds
  An orc priest (D:3)
  A gnoll bouda (D:5)
  An iguana (D:4)
  Terence (D:3)
  Robin (D:3)
  2 gnolls (D:5)
  4 adders
  2 worms (D:2)
  2 dart slugs (D:2)
  4 orcs
  13 ball pythons
  6 bats
  8 endoplasms
  2 giant cockroaches
  11 goblins
  7 hobgoblins
  3 jackals (D:4)
  2 quokkas
  2 frilled lizards (D:3)
  5 kobolds
  5 rats
85 creatures vanquished.

Vanquished Creatures (others)
  A human (D:4)
  A jackal (D:5)
  A fungus (D:3)
3 creatures vanquished.

Grand Total: 88 creatures vanquished

Notes
Turn   | Place    | Note
-------+----------+-------------------------------------------
     0 | D:1      | Orangeyouglad the Demonspawn Venom Mage began the quest for
                  | the Orb.
     0 | D:1      | Reached XP level 1. HP: 13/13 MP: 3/3
   139 | D:1      | Reached skill level 1 in Transmutations
   473 | D:1      | Gained mutation: You are surrounded by a mild repulsion
                  | field. (EV +2) [demonic ancestry]
   473 | D:1      | Reached XP level 2. HP: 17/19 MP: 1/5
  1385 | D:2      | Reached XP level 3. HP: 24/24 MP: 6/6
  1389 | D:2      | Learned a level 3 spell: Mephitic Cloud
  1999 | D:2      | Gained mutation: You are surrounded by a moderate repulsion
                  | field. (EV +3) [demonic ancestry]
  1999 | D:2      | Reached XP level 4. HP: 25/30 MP: 7/7
  2259 | D:3      | Found a faded altar of an unknown god.
  2272 | D:3      | Prayed at the altar of an unknown god.
  2272 | D:3      | Became a worshipper of Ru the Awakened
  2279 | D:3      | Gained mutation: You are sensitive to extremes of
                  | temperature. (rF-, rC-) [Ru sacrifice]
  2279 | D:3      | Reached * piety under Ru
  2279 | D:3      | Reached ** piety under Ru
  2302 | D:3      | Noticed Terence
  2316 | D:3      | Killed Terence
  2473 | D:3      | Gained mutation: You regenerate magic rapidly. [demonic
                  | ancestry]
  2473 | D:3      | Reached XP level 5. HP: 21/35 MP: 9/9
  2718 | D:3      | Found a bloodstained altar of Trog.
  3067 | D:3      | Identified the +1 helmet of Shielding {rPois Will+ rCorr}
  3067 | D:3      | Noticed Robin
  3078 | D:3      | Killed Robin
  3079 | D:3      | Reached skill level 4 in Poison Magic
  3454 | D:4      | Found an ancient bone altar of Kikubaaqudgha.
  3460 | D:4      | Noticed a human
  3461 | D:4      | Killed a human
  3766 | D:5      | Entered Level 5 of the Dungeon
  3776 | D:5      | Gained mutation: You have a pair of small antennae on your
                  | head. [demonic ancestry]
  3776 | D:5      | Reached XP level 6. HP: 4/41 MP: 10/10
  3925 | D:5      | Found a sacrificial altar of Ru.
  4031 | D:5      | Found a snail-covered altar of Cheibriados.
  4096 | D:5      | Reached skill level 1 in Conjurations
  4154 | D:5      | Found an opulent altar of Gozag.
  4155 | D:5      | Found a stormy altar of Qazlal.
  4189 | D:5      | Found a staircase to the Ecumenical Temple.
  4300 | D:5      | Found a hazy altar of Hepliaklqana.
  4345 | D:5      | Gained mutation: You sometimes lose your temper in combat.
                  | [potion of mutation]
  4345 | D:5      | Gained mutation: You have hidden genetic defects. [potion
                  | of mutation]
  4345 | D:5      | Gained mutation: Potions are less effective at restoring
                  | your health. [potion of mutation]
  4345 | D:5      | Slain by a gnoll

Illustrated notes

Levels and vault maps discovered:
D:1:      dpeg_arrival_stonehenge_8_columns, layout_loops_corners
D:2:      layout_basic, basic_altar, serial_co_window_serial, co_window_paths_b,
          co_window_corner_a, co_window_of_opportunity_a, co_window_corner_a,
          co_window_cross_1, co_window_corner_ca, co_window_of_opportunity_b,
          co_window_paths_c, co_window_paths_c, co_window_2corner,
          co_window_unsneaky_path_e, co_window_broadway_b, glass_columns_a
D:3:      minmay_recursive_quarters, layout_basic,
          mainiacjoe_overflow_six_doors_small, dreamdust_ecumenical_altar_grove,
          uniq_robin, uniq_terence
D:4:      minmay_evil_eye, layout_cave_pools, tgw_kikubaaqudgha
D:5:      layout_loops_corners, general_overflow_altar, kennysheep_little_box,
          mainiacjoe_overflow_catwalk, mainiacjoe_overflow_divided_tiny,
          temple_pool_b, minmay_manual_monolith

Skill      XL: |  1  2  3  4  5  6 |
---------------+-------------------+-----
Transmutations | 1 2 |  2.4
Stealth        | 2 |  2.0
Dodging        | 2 3 |  3.2
Spellcasting   | 3 |  3.3
Poison Magic   | 4 |  4.3
Conjurations   | 1 |  1.2
Air Magic      | |  0.6

Action                     |  1- 3 |  4- 6 || total
---------------------------+-------+-------++-------
  Melee: Unarmed           |    15 |       ||    15
         Dagger            |     2 |    28 ||    30
         Punch             |       |     1 ||     1
   Cast: Sting             |    61 |   130 ||   191
 Invoke: Sacrifice Resista |       |     1 ||     1
    Use: Potion            |       |     5 ||     5
 Armour: Robe              |     4 |    25 ||    29
  Dodge: Dodged            |    24 |   131 ||   155

Table legend: (Time is in decaauts)
 A = Elapsed time spent in this place.
 B = Non-inter-level travel time spent in this place.
 C = Inter-level travel time spent in this place.
 D = Time resting spent in this place.
 E = Time spent auto-exploring this place.
 F = Levels seen in this place.
 G = Mean time per level.
                   A        B        C        D        E       F      G
               +--------+--------+--------+--------+--------+-----+--------+
         Total |   4343 |   4280 |     63 |    305 |   3174 |   5 |  868.6 |
       Dungeon |   4343 |   4280 |     63 |    305 |   3174 |   5 |  868.6 |
               +--------+--------+--------+--------+--------+-----+--------+

Top non-repeatable levels by time:
     D:2: 1197 daAuts
     D:3: 1158 daAuts
     D:1: 1041 daAuts
     D:5: 578 daAuts
     D:4: 368 daAuts
